 Dungeon Crawl Stone Soup version 0.29-a0-322-g68df515428 (webtiles) character file.

Game seed: 15663694883306359776

185 zishaf the Digger (level 5, -6/36 HPs)
             Began as an Octopode Earth Elementalist on Apr 8, 2022.
             Mangled by a hornet (10 damage)
             ... while paralysed by a hornet
             ... on level 4 of the Dungeon.
             The game lasted 00:04:29 (3660 turns).

zishaf the Digger (Octopode Earth Elementalist)     Turns: 3660, Time: 00:04:29

Health: -6/36      AC:  1    Str: 13    XL:     5   Next: 64%
Magic:  5/8        EV:  2    Int: 19    God:
Gold:   163        SH:  0    Dex: 13    Spells: 2/8 levels left

rFire   . . .      SeeInvis .   a - staff of earth
rCold   . . .      Faith    .   (no shield)
rNeg    . . .      Spirit   .   (helmet restricted)
rPois   .          Reflect  .   (no amulet)
rElec   .          Harm     .   g - +6 ring of strength
rCorr   .          Rampage  .   h - ring of wizardry
Will    .....                   (no ring)
Stlth   +++.......              (no ring)
HPRegen 0.12/turn               (no ring)
MPRegen 0.11/turn               (no ring)
                                (no ring)
                                (no ring)

@: paralysed, lethally poisoned (-6 -> -17)
A: almost no armour, amphibious, 8 rings, camouflage 1, gelatinous body 1,
(nimble swimmer 1), tentacles
a: no special abilities


You were on level 4 of the Dungeon.
You visited 1 branch of the dungeon, and saw 4 of its levels.

You collected 163 gold pieces.

Inventory:

Missiles
 c - 95 stones
Magical Staves
 a - a staff of earth (weapon)
Jewellery
 g - a +6 ring of strength (left tentacle)
 h - a ring of wizardry (right tentacle)
Wands
 r - a wand of flame (27)
Scrolls
 d - a scroll of acquirement {unknown}
 e - a scroll of fog {unknown}
 f - a scroll of teleportation {unknown}
 i - 2 scrolls of summoning {unknown}
 k - a scroll of amnesia {unknown}
 o - a scroll of torment {unknown}
 p - 4 scrolls of identify {unknown}
Potions
 b - a potion of magic
 j - a potion of curing
 l - a potion of lignification {unknown}
 m - a potion of heal wounds {unknown}
 n - a potion of flight {unknown}
 q - a potion of haste {unknown}


   Skills:
 + Level 3.0 Fighting
 - Level 2.0 Dodging
 - Level 3.0 Stealth
 - Level 2.0 Spellcasting
 + Level 2.1 Conjurations
 - Level 1.0 Transmutations
 + Level 4.4 Earth Magic


You had 2 spell levels left.
You knew the following spells:

 Your Spells              Type           Power      Damage    Failure   Level
a - Sandblast             Erth           56%        2d13      1%          1
b - Passwall              Tmut/Erth      15%        N/A       3%          2
c - Stone Arrow           Conj/Erth      42%        3d9       5%          3

Your spell library contained the following spells:

 Spells                   Type           Power      Damage    Failure   Level
 Petrify                  Tmut/Erth      18%        N/A       22%         4


Dungeon Overview and Level Annotations

Branches:
Dungeon (4/15)
 Temple: D:4-7

Altars:

Shops:
D:2 *

Annotations:
D:3 2 transporters


Innate Abilities, Weirdness & Mutations

You cannot wear most types of armour.
You are amphibious.
You can wear up to eight rings at the same time.
Your skin changes colour to match your surroundings (Stealth+).
Your rubbery body absorbs attacks. (AC +1, EV +1)
((You are camouflaged when in or above water. (Stealth+)))
You have tentacles for arms and can constrict up to eight enemies at once.


Message History

There is a stone staircase leading up here.
Found a hunting sling.
You open the door.
A hornet comes into view.
Found a stone staircase leading down.
There is an open door here.
Casting: Sandblast (safe; 1% risk of failure)
Confirm with . or Enter, or press ? or * to list all spells.
Aiming: Sandblast (safe; 1% risk of failure)
Press: ? - help, Shift-Dir - straight line, f - hornet
Aim: a hornet (asleep, 100% to hit)
You feel a surge of power!
The blast of sand hits the hornet!
The hornet is moderately wounded.
The hornet buzzes angrily.
Casting: Sandblast (safe; 1% risk of failure)
Confirm with . or Enter, or press ? or * to list all spells.
Aiming: Sandblast (safe; 1% risk of failure)
Press: ? - help, Shift-Dir - straight line, f/p - hornet
Aim: a hornet (moderately wounded, 71% to hit)
You feel a surge of power!
The blast of sand hits the hornet!
The hornet is severely wounded.
The hornet barely misses you.
Casting: Sandblast (safe; 1% risk of failure)
Confirm with . or Enter, or press ? or * to list all spells.
Aiming: Sandblast (safe; 1% risk of failure)
Press: ? - help, Shift-Dir - straight line, f/p - hornet
Aim: a hornet (severely wounded, 71% to hit)
You feel a surge of power!
The blast of sand misses the hornet.
The hornet stings you!
You are poisoned.
You suddenly lose the ability to move!
The hornet stings you.
You are more poisoned.
You shrug off the repeated paralysis!
You feel very sick. The hornet barely misses you.
You feel very sick. The hornet stings you!
* * * LOW HITPOINT WARNING * * *
You shrug off the repeated paralysis!
The hornet stings you!
You die...

#.)...........
#..............##
#...............#
#...............#
#...............#
#...##.##.##...#
######...##.#####...##..
..........#.....#.......
..........#.....@y......
...<......#.....#>......
########################


You could see a hornet.

Vanquished Creatures
  Natasha (thrice) (D:3)
  An iguana (D:3)
  4 adders
  2 worms
  An orc (D:3)
  3 ball pythons (D:1)
  3 bats
  3 endoplasms
  A giant cockroach (D:1)
  5 goblins
  3 hobgoblins
  2 jackals (D:3)
  2 quokkas (D:1)
  5 frilled lizards
  4 kobolds (D:3)
  4 rats
46 creatures vanquished.

Notes
Turn   | Place    | Note
-------+----------+-------------------------------------------
     0 | D:1      | zishaf the Octopode Earth Elementalist began the quest for
                  | the Orb.
     0 | D:1      | Reached XP level 1. HP: 11/11 MP: 3/3
   298 | D:1      | Reached XP level 2. HP: 18/18 MP: 1/5
   398 | D:1      | Learned a level 2 spell: Passwall
   412 | D:1      | Reached skill level 1 in Fighting
  1086 | D:1      | Found a faded altar of an unknown god.
  1214 | D:2      | Reached XP level 3. HP: 24/24 MP: 4/6
  1415 | D:2      | Found Rorcharoi's General Store.
  1629 | D:2      | Learned a level 3 spell: Stone Arrow
  2154 | D:3      | Found a transporter.
  2159 | D:3      | Found a transporter.
  2277 | D:3      | Reached XP level 4. HP: 24/29 MP: 7/7
  2289 | D:3      | Reached skill level 1 in Conjurations
  2289 | D:3      | Reached skill level 4 in Earth Magic
  2631 | D:3      | Noticed Natasha
  2634 | D:3      | Killed Natasha
  2635 | D:3      | Reached XP level 5. HP: 35/35 MP: 4/8
  2801 | D:3      | Noticed Natasha
  2805 | D:3      | Killed Natasha
  3067 | D:3      | Noticed Natasha
  3216 | D:3      | Found a transporter.
  3220 | D:3      | Found a transporter.
  3585 | D:3      | Killed Natasha
  3654 | D:4      | Noticed a hornet
  3658 | D:4      | Paralysed by a hornet for 3 turns
  3660 | D:4      | Mangled by a hornet

Illustrated notes

Levels and vault maps discovered:
D:1:      lemuel_arrival_cross, layout_loops_corners,
          dilly_ecumenical_altar_fadedgnrine
D:2:      layout_loops_corners, serial_shops, nicolae_square_shop, st_stairs_8,
          serial_park_tiny_pond
D:3:      gammafunk_wand_slinger, layout_loops_cross, uniq_natasha
D:4:      layout_gridville, uniq_eustachio, uniq_robin

Skill      XL: |  1  2  3  4  5 |
---------------+----------------+-----
Stealth        | 3 |  3.0
Fighting       | 1 2 3 |  3.0
Conjurations   | 1 2 |  2.1
Earth Magic    | 4 |  4.4
Dodging        | |  2.0
Spellcasting   | |  2.0
Transmutations | |  1.0

Action                   |  1- 3 |  4- 6 || total
-------------------------+-------+-------++-------
Melee: Staff             |    26 |     5 ||    31
       Constrict         |     8 |     2 ||    10
       Tentacles         |     6 |     3 ||     9
 Cast: Sandblast         |    21 |    24 ||    45
 Stab: Sleeping          |     4 |     1 ||     5
Armor: Skin              |     2 |     1 ||     3
Dodge: Dodged            |    28 |     6 ||    34

Table legend: (Time is in decaauts)
 A = Elapsed time spent in this place.
 B = Non-inter-level travel time spent in this place.
 C = Inter-level travel time spent in this place.
 D = Time resting spent in this place.
 E = Time spent auto-exploring this place.
 F = Levels seen in this place.
 G = Mean time per level.
                   A        B        C        D        E       F      G
               +--------+--------+--------+--------+--------+-----+--------+
         Total |   3663 |   3586 |     77 |    209 |   3076 |   4 |  915.8 |
       Dungeon |   3663 |   3586 |     77 |    209 |   3076 |   4 |  915.8 |
               +--------+--------+--------+--------+--------+-----+--------+

Top non-repeatable levels by time:
     D:3: 1681 daAuts
     D:1: 1121 daAuts
     D:2: 839 daAuts
     D:4: 21 daAuts
